AoeStats
← ThunderboltX

Arabia

510415369Analyzed
1v1 RM · 2d ago on Sep 30, 2026· 40m 17s· 2 players
Game mode
Random Map
Map size
Tiny (2 player)
Population
200
Speed
Normal
Resources
Standard
Victory
Conquest
Starting age
Dark Age
Ending age
Imperial Age
RankedLock teamsTeams togetherTeam positionsShared explorationLock speedFull tech treeHidden civsTurbo modeCheats
Victory
Defeat
🇧🇬 Tatars · Bulgaria
2527
+2
🇩🇪 Byzantines · Germany
2066
-2
LM | MaisterNippon
6:34 Loom
9:14 Feudal Age
13:22 Double-Bit Axe
20:16 Castle Age
18:38 Fletching
20:33 Horse Collar
20:23 Elite Skirmisher
21:01 Bodkin Arrow
21:22 Bow Saw
20:38 Elite Skirmisher
22:27 Wheelbarrow
25:41 Gold Mining
32:07 Imperial Age
29:30 Crossbowman
30:16 Thumb Ring
31:00 Padded Archer Armor
32:38 Leather Archer Armor
33:02 Ballistics
32:12 Arbalester
32:53 Bracer
35:37 Stone Mining
38:05 Hand Cart
40:07 Chemistry
ThunderboltX
6:34 Loom
9:21 Feudal Age
9:28 Man-at-Arms
10:00 Double-Bit Axe
11:33 Horse Collar
19:56 Castle Age
18:34 Fletching
19:32 Gold Mining
20:03 Padded Archer Armor
21:05 Bow Saw
23:14 Town Watch
24:07 Wheelbarrow
24:13 Stone Mining
24:38 Bodkin Arrow
24:09 Elite Skirmisher
31:10 Imperial Age
30:17 Gold Shaft Mining
29:42 Heavy Plow
30:02 Hand Cart
30:05 Heavy Plow
31:15 Leather Archer Armor
32:07 Gold Shaft Mining
32:11 Ballistics
32:22 Bracer
33:41 Masonry
34:32 Chemistry
33:44 Masonry
33:55 Bloodlines
35:14 Husbandry
35:46 Conscription
36:06 Timurid Siegecraft
37:30 Siege Engineers
38:37 Ring Archer Armor
38:19 Scale Barding Armor
38:24 Forging
39:09 Block Printing
40:35 Chain Barding Armor
Connection lost

Rejoining the realm…

Still unreachable

The connection could not be restored.

Session expired

The server has moved on; the page needs a fresh start.